AoeStats
← colafantahunter

Nomad

509500310Analyzed
4v4 RM · 7d ago on Sep 27, 2026· 36m 40s· 8 players
Game mode
Random Map
Map size
231×231
Population
200
Speed
Normal
Resources
Standard
Victory
Conquest
Starting age
Dark Age
Ending age
Imperial Age
RankedLock teamsTeams togetherTeam positionsShared explorationLock speedFull tech treeHidden civsTurbo modeCheats
Victory
Defeat
🇺🇸 Mongols · United States
1071
+14
🇧🇷 Japanese · Brazil
1066
+14
🇩🇪 Mapuche · Germany
1047
+15
🇧🇷 Malay · Brazil
1027
+16
🇲🇽 Varangians · Mexico
1145
-19
🇬🇧 Spanish · United Kingdom
1094
-17
🇨🇱 Saracens · Chile
997
-14
🇨🇱 Franks · Chile
881
-9
pedrocastanhal22
6:39 Loom
16:25 Feudal Age
22:43 Town Watch
26:56 Castle Age
28:10 Wheelbarrow
32:42 Horse Collar
32:55 Gold Mining
36:33 Scale Mail Armor
37:16 Forging
spencer.sounder
4:12 Loom
12:38 Feudal Age
18:38 Castle Age
25:30 Double-Bit Axe
25:54 Horse Collar
28:10 Bow Saw
29:46 Husbandry
31:23 Bloodlines
31:42 Heavy Plow
32:24 Wheelbarrow
32:56 Fletching
33:28 Ballistics
33:45 Bodkin Arrow
34:36 Hand Cart
34:40 Forging
34:43 Masonry
36:35 Iron Casting
35:32 Light Cavalry
colafantahunter
14:12 Feudal Age
19:11 Double-Bit Axe
22:29 Castle Age
20:31 Stone Mining
21:29 Gold Mining
22:20 Forging
23:07 Fishing Lines
24:45 Bow Saw
25:36 Stone Shaft Mining
26:01 Wheelbarrow
27:04 Gold Shaft Mining
27:08 Stone Shaft Mining
26:15 Horse Collar
26:46 Loom
28:12 Heavy Plow
30:34 Hand Cart
37:35 Imperial Age
Chicletinho
12:32 Loom
14:58 Feudal Age
14:37 Man-at-Arms
16:20 Arson
37:19 Castle Age
36:04 Gold Mining
egemenbeder
wowmiqui
8:30 Loom
17:18 Feudal Age
22:48 Gold Mining
25:18 Castle Age
25:06 Wheelbarrow
25:26 Forging
25:23 Scale Barding Armor
25:21 Double-Bit Axe
29:02 Husbandry
31:12 Iron Casting
31:41 Chain Barding Armor
36:52 Squires
36:12 Pikeman
Baxmetal
16:39 Feudal Age
15:02 Loom
16:47 Feudal Age
20:07 Man-at-Arms
26:20 Castle Age
27:08 Husbandry
31:29 Scale Barding Armor
31:34 Forging
BeuN AZRAEL
15:08 Feudal Age
19:35 Castle Age
19:21 Fishing Lines
Connection lost

Rejoining the realm…

Still unreachable

The connection could not be restored.

Session expired

The server has moved on; the page needs a fresh start.